 Dungeon Crawl Stone Soup version 0.20.1-1-g8b1a95d (webtiles) character file.

15 jmlagarto the Digger (level 2, 0/18 HPs)
             Began as an Octopode Earth Elementalist on Sept 8, 2017.
             Slain by a goblin
             ... wielding a +0 short sword
              (5 damage)
             ... on level 1 of the Dungeon.
             The game lasted 00:02:32 (759 turns).

jmlagarto the Digger (Octopode Earth Elementalist)   Turns: 759, Time: 00:02:33

Health: 0/18       AC:  1    Str:  7    XL:     2   Next: 50%
Magic:  5/5        EV: 13    Int: 23    God:
Gold:   24         SH:  0    Dex: 12    Spells: 2/5 levels left

rFire    . . .     SeeInvis .   g - -2 hand axe (curse)
rCold    . . .     Gourm    +   (no shield)
rNeg     . . .     Faith    .   (helmet restricted)
rPois    .         Spirit   .   h - amulet of the gourmand
rElec    .         Reflect  .   f - +6 ring of intelligence
rCorr    .         Harm     .   (no ring)
MR       .....                  (no ring)
Stlth    +++.......             (no ring)
Regen    0.1/turn               (no ring)
MPRegen  0.1/turn               (no ring)
                                (no ring)
                                (no ring)

@: no status effects
A: almost no armour, stealthy swim, amphibious, 8 rings, constrict 8, camouflage
1, gelatinous body 1
a: no special abilities


You were on level 1 of the Dungeon.
You were not hungry.

You visited 1 branch of the dungeon, and saw 1 of its levels.

You collected 24 gold pieces.

Inventory:

Hand Weapons
 a - a +0 dagger
 g - a cursed -2 hand axe (weapon)
Missiles
 b - 57 stones (quivered)
Jewellery
 f - a +6 ring of intelligence (left tentacle)
 h - an amulet of the gourmand (around mantle)
Books
 d - a book of Geomancy

   Spells                             Type                      Level
   a - Sandblast                      Earth                        1
   b - Passwall                       Transmutation/Earth          2
   c - Stone Arrow                    Conjuration/Earth            3
   d - Petrify                        Transmutation/Earth          4
   e - Lee's Rapid Deconstruction     Earth                        5
Comestibles
 c - a bread ration


   Skills:
 + Level 0.4 Fighting
 + Level 0.2 Short Blades
 + Level 0.4 Axes
 + Level 2.0 Dodging
 + Level 3.0 Stealth
 + Level 2.1 Spellcasting
 + Level 1.0 Transmutations
 + Level 3.3 Earth Magic


You had 2 spell levels left.
You knew the following spells:

 Your Spells              Type           Power        Failure   Level  Hunger
a - Sandblast             Erth           ###...       3%          1    #......
b - Passwall              Tmut/Erth      ##........   8%          2    ##.....


Dungeon Overview and Level Annotations

Branches:
Dungeon (1/15)

Altars:


Innate Abilities, Weirdness & Mutations

You cannot wear most types of armour.
You are very stealthy in the water. (Stealth+)
You are amphibious.
You can wear up to eight rings at the same time.
You can use your tentacles to constrict eight enemies at once.
Your skin changes colour to match your surroundings (Stealth+).
Your rubbery body absorbs attacks. (AC +1, EV +1)


Message History

You start resting.
Magic restored.
You start resting.
A goblin comes into view. It is wielding a short sword.
A hobgoblin and a kobold come into view.
The hobgoblin shouts!
You closely miss the hobgoblin.
The kobold shouts!
You grab the hobgoblin. You squeeze the hobgoblin.
The hobgoblin is almost dead.
You constrict the hobgoblin, but do no damage.
The hobgoblin hits you with a club.
You are too injured to fight recklessly!
You are too injured to fight recklessly!
You are too injured to fight recklessly!
You release your grip on the hobgoblin.
The goblin hits you with a short sword.
* * * LOW HITPOINT WARNING * * *
The hobgoblin closely misses you. The goblin hits you with a short sword.
You die...

.#......#.#.#####.##.###.#####.#
####.#.##.#..,,...........)....#
***#.#.##.#######.##.#.#########
,,,..........................#
**#####*#.#.#####.##.#.#####.#
**##.#.** #.##.#..# *,*
******,......####.##.##.# *,*
,,,,,*,.......Kg...#.##.# *,*
,,,,,*,........g@..#.##.# *,*
,,,,,*,...[........#.##.# *,*
,,,,,*,............#.##.#***,*
#*****,............#.#...,,,,* #
**##.#..?.....#.####***** #
**#.#.#..##..#,* #
*,#,#.#..#*..#,* #
*,*,#,...,*...,* #
*,*,*****,*,****


You could see a hobgoblin, a goblin and a kobold.

Vanquished Creatures
  An ooze (D:1)
  2 giant cockroaches (D:1)
  A goblin (D:1)
  A hobgoblin (D:1)
  A jackal (D:1)
  A bat (D:1)
  A frilled lizard (D:1)
  A kobold (D:1)
  3 rats (D:1)
12 creatures vanquished.

Notes
Turn   | Place    | Note
-------+----------+-------------------------------------------
     0 | D:1      | jmlagarto the Octopode Earth Elementalist began the quest for the Orb.
     0 | D:1      | Reached XP level 1. HP: 11/11 MP: 3/3
   552 | D:1      | Reached XP level 2. HP: 14/17 MP: 3/5
   556 | D:1      | Learned a level 2 spell: Passwall
   759 | D:1      | Slain by a goblin

Skill      XL: |  1  2 |
---------------+-------+-----
Stealth        | 3 |  3.0
Fighting       | |  0.4
Short Blades   | |  0.2
Axes           | |  0.4
Dodging        | |  2.0
Spellcasting   | |  2.1
Transmutations | |  1.0
Earth Magic    | |  3.3

Action                   || total
-------------------------++-------
Melee: Hand axe          ||    22
       Dagger            ||     7
       Constrict         ||     8
       Tentacles         ||     4
 Cast: Sandblast         ||     6
  Use: Scroll            ||     2
 Stab: Sleeping          ||     4
Armor: Skin              ||     4
Dodge: Dodged            ||    24
